Map: Automaton LE

Players

RuFF - Winner!

  • Race: Terran Terran
  • League: Grandmaster
  • Spawn Location: 3:00

A.I. 2 (Elite)

  • Race: Terran Terran
  • Spawn Location: 9:00

VOD

Have the link to the VOD?

Description

Time

  • Played on: June 4, 2019, 8:53 p.m.
  • Length: 9:31
Show
View Real Time Build Order
Export as new Build Order

RuFF Terran - Winner!

Build Orders: Gas First Reaper Expand, Hellion Opening 

Get SALT Encoding   

  12  0:01  SCV  
  13  0:13  SCV  
  14  0:18  Supply Depot  
  14  0:25  SCV  
  15  0:32  Refinery  
  15  0:39  SCV  
  16  0:45  Barracks  
  16  0:51  SCV  
  17  1:03  SCV  
  18  1:16  SCV  
  19  1:32  Orbital Command  
  19  1:33  Reaper  
  20  1:44  Command Center  
  20  1:55  Factory  
  20  1:59  SCV  
  21  2:11  SCV, Supply Depot  
  21  2:12  Barracks Reactor  
  22  2:19  Refinery  
  22  2:23  SCV  
  23  2:37  SCV  
  24  2:49  SCV  
  25  2:53  Hellion x2  
  25  2:58  Refinery, Orbital Command, Starport  
  29  3:08  SCV  
  30  3:14  Hellion x2  
  34  3:20  SCV  
  34  3:25  Barracks Tech Lab  
  35  3:32  Starport  
  35  3:34  SCV  
  35  3:38  Hellion  
  35  3:41  Hellion  
  40  3:47  Raven  
  42  3:53  SCV  
  43  3:55  SCV  
  43  3:57  Refinery, Barracks Tech Lab  
  43  4:00  Hellion  
  46  4:17  Supply Depot  
  46  4:18  Corvid Reactor  
  46  4:31  SCV, Hellion, Viking  
  46  4:32  Viking  
  53  4:39  SCV, Hellion  
  56  4:45  Engineering Bay  
  56  4:49  SCV  
  57  4:54  Hellion  
  59  5:00  Hellion  
  59  5:01  SCV  
  62  5:13  Raven  
  62  5:14  SCV, Raven  
  67  5:16  SCV  
  68  5:27  Supply Depot  
  68  5:31  Hellion  
  70  5:40  Supply Depot  
  70  5:46  Neosteel Armor  
  70  5:48  SCV  
  70  5:49  Hellion  
  73  5:55  Hellion  
  75  5:58  Raven  
  75  6:00  SCV  
  75  6:01  Raven  
  80  6:05  Supply Depot  
  80  6:06  SCV  
  81  6:14  SCV  
  82  6:21  Hellion x2  
  86  6:31  Command Center  
  86  6:33  SCV  
  86  6:34  SCV  
  88  6:43  Factory  
  88  6:48  Factory  
  88  6:54  Factory  
  88  6:55  Factory  
  88  6:59  SCV, Hellion  
  91  7:06  Armory  
  91  7:08  SCV  
  91  7:15  Raven  
  94  7:34  Raven  
  94  7:36  Hellion  
  82  7:51  Hellion x2  
  82  7:58  Hellion  
  82  7:59  Factory Tech Lab x2, Hellion  
  82  8:01  SCV x2  
  82  8:02  Planetary Fortress  
  82  8:04  Refinery  
  90  8:12  Hellion  
  90  8:13  SCV, Hellion  
  90  8:14  Supply Depot x2  
  90  8:19  Siege Tank  
  92  8:35  SCV  
  92  8:40  Factory Tech Lab x2  
  92  8:41  Siege Tank  
  96  8:45  Supply Depot x2  
  96  8:51  Siege Tank  
  101  9:02  Refinery  
  101  9:07  Hellion x2  
  101  9:08  SCV x2  
  110  9:12  Supply Depot  
Show
View Real Time Build Order
Export as new Build Order

A.I. 2 (Elite) Terran 

Build Orders: 1/1/1, Banshee Rush 

Get SALT Encoding   

  12  0:00  SCV  
  13  0:13  SCV  
  14  0:20  Supply Depot  
  14  0:25  SCV  
  15  0:30  Refinery  
  15  0:41  SCV  
  16  0:48  Barracks  
  16  0:53  SCV  
  17  0:59  Refinery  
  17  1:05  SCV  
  18  1:17  SCV  
  19  1:35  Orbital Command  
  19  1:38  Factory  
  19  1:40  Marine  
  20  1:58  Marine  
  20  2:00  SCV  
  22  2:02  Supply Depot  
  22  2:26  Starport  
  22  2:27  SCV  
  22  2:29  Starport  
  23  2:39  SCV  
  23  2:44  Supply Depot  
  24  2:51  SCV  
  25  3:03  Starport Tech Lab  
  25  3:06  Starport Tech Lab  
  25  3:19  SCV  
  26  3:22  Marine, Banshee  
  26  3:24  Cloaking Field, Banshee  
  32  3:31  SCV  
  32  3:33  Supply Depot  
  33  3:40  Marine  
  34  3:43  SCV  
  35  3:55  SCV  
  35  3:57  Marine  
  37  4:04  Barracks  
  37  4:05  Banshee  
  37  4:07  SCV  
  41  4:13  Medivac  
  41  4:16  Barracks Tech Lab  
  42  4:34  Marine, Stimpack  
  43  4:42  Supply Depot  
  43  4:50  Marine  
  43  4:51  Marine  
  45  5:04  Ghost Academy  
  45  5:06  Command Center  
  45  5:09  Barracks Tech Lab  
  45  5:10  Marauder  
  47  5:27  Marauder  
  49  5:31  Marine  
  49  5:33  Supply Depot  
  50  5:48  Ghost  
  50  5:49  Marauder  
  51  5:59  Supply Depot  
  51  6:09  Engineering Bay, Ghost  
  53  6:18  Marauder  
  55  6:25  Refinery  
  55  6:26  SCV  
  55  6:31  SCV  
  57  6:37  Terran Infantry Weapons Level 1  
  57  6:38  SCV, Marine  
  57  6:39  Marauder  
  61  6:43  SCV  
  62  6:50  SCV  
  63  6:56  SCV, Marine  
  63  7:00  Marauder  
  67  7:02  SCV  
  67  7:08  SCV, Engineering Bay  
  69  7:14  SCV, Marine  
  71  7:20  SCV  
  72  7:26  SCV, Marauder  
  72  7:29  Barracks  
  75  7:32  SCV, Marine  
  75  7:34  Terran Infantry Armor Level 1  
  64  7:39  SCV  
  49  7:44  SCV  
  49  7:47  Marine  
  49  7:50  Marauder  
  22  8:13  Command Center  
  20  8:24  Marine  
  20  8:31  Marine  
  15  8:40  SCV  
  14  8:49  SCV  
  14  8:57  SCV  
  15  9:03  SCV  
Tags
 
Add a new tag
Caveats
  • Supply blocks, unpowered buildings, or Contaminate may cause inaccurate times.
  • Supply counts are checked every 10 seconds.